[Event "24th Mediterranean Flower 2024"]
[Site "Rijeka"]
[Date "2024.03.04"]
[Round "1.1"]
[White "Urh, Zala"]
[Black "Skuhala, Barbara"]
[Result "0-1"]
[ECO "D11"]
[WhiteElo "2287"]
[BlackElo "2188"]
[Annotator "TA"]
[PlyCount "132"]
[EventDate "2024.03.04"]
[EventType "tourn"]
[EventCountry "CRO"]
[SourceTitle "playchess.com"]
[Source "ChessBase"]
[SourceQuality "1"]
[TimeControl "5400+30"]

1. d4 d5 2. c4 c6 3. Nf3 Nf6 4. g3 Bf5 5. Bg2 e6 6. Nh4 Bxb1 (6... dxc4 7. Nxf5 exf5 8. O-O $11) 7. Rxb1 Bb4+ 8. Bd2 {[%emt 0:02:24] The position is equal.} Qa5 9. a3 Bxd2+ 10. Qxd2 Qxd2+ 11. Kxd2 Kd7 12. Rhc1 Rc8 13. Ke1 Na6 14. Nf3 Ke7 15. Ne5 Nd7 16. Nd3 Rd8 17. e3 Rac8 18. c5 Nc7 19. b4 f6 20. Bh3 a6 21. a4 g5 22. Rc3 h5 23. Bf1 e5 24. Nc1 exd4 ({Black should try} 24... Ne6 $11) 25. exd4 $14 Ne6 26. Nb3 f5 27. Na5 Rc7 (27... Nxd4 28. Nxb7 Rf8 (28... Re8 $2 29. Nd6 $18) 29. Na5 $16 (29. Bxa6 Ra8 $14)) 28. Rd1 Nf6 29. f3 Rh8 ({Black should play} 29... Kf7 $17 30. Bd3 Kg6 (30... Nxd4 31. Bxa6 Nxf3+ 32. Rxf3 $15)) 30. Re3 Kf7 31. Re5 Ng7 32. Kf2 h4 33. Rde1 (33. b5 $11 axb5 34. axb5) 33... hxg3+ $17 34. hxg3 g4 35. Bg2 {[%emt 0:00:00] [#]} gxf3 $1 36. Kxf3 Ne4 37. Rh1 (37. Rg1 $142) 37... Rxh1 $19 38. Bxh1 Kf6 39. b5 $2 (39. g4 {keeps fighting.}) 39... axb5 (39... cxb5 40. Rxd5 (40. axb5 Ne6 $17) 40... bxa4 41. Ke3 $11) 40. axb5 Ne6 41. Ke3 Nxg3 {[%emt 0:02:45] A dynamic duo of knights.} (41... cxb5 42. Rxd5 Nxg3 43. Bf3 $15) 42. Bxd5 (42. bxc6 $142 bxc6 (42... Nxh1 43. cxb7 f4+ 44. Kd2 $18) 43. Bg2 Nxc5 (43... f4+ $2 44. Kf3 $19) 44. Bh3) 42... f4+ 43. Kf2 Nxd4 44. Re8 (44. bxc6 $142 bxc6 (44... Kxe5 45. cxb7 $11) 45. Nxc6 Rxc6 (45... Nxc6 46. Re6+ Kf5 47. Rxc6 $11) 46. Bxc6 Kxe5 47. Bg2) 44... cxd5 45. c6 {[%emt 0:00:52] [#]} Nxc6 46. bxc6 bxc6 {[%emt 0:00:07][%mdl 4096] Endgame. KRN-KRN} 47. Rf8+ (47. Kf3 {was called for.}) 47... Ke5 48. Kf3 Ne4 49. Rxf4 c5 50. Rf8 (50. Nc4+ $142 Kd4 51. Nd6) 50... Kd4 51. Ke2 Kc3 {[%emt 0:00:44] ...Kb4 would now be deadly.} 52. Rf3+ Kb4 {[%emt 0:00:36] Black mates.} 53. Nb3 Nc3+ 54. Kd2 Kxb3 55. Rxc3+ {[%emt 0:00:04] KR-KR} Kb4 56. Rc1 Rh7 57. Rb1+ Kc4 58. Ra1 Kd4 59. Rg1 Rh2+ 60. Kd1 Kc4 61. Rg4+ d4 62. Rg5 d3 63. Rf5 Kd4 64. Rg5 c4 65. Ra5 Rh1+ 66. Kd2 c3# {[%emt 0:00:08] Weighted Error Value: White=0.82/Black=0.32.  Mistake:       	White=7     	Black=2      Inaccurate:     	White=5     	Black=2      OK:         	White=9     	Black=16     Best:        	---       	Black=4      Strong:       	---       	Black=1} 0-1

[Event "24th Mediterranean Flower 2024"]
[Site "Rijeka"]
[Date "2024.03.04"]
[Round "1.2"]
[White "Hnatyshyn, Anastasiia"]
[Black "Zagorac, Lara"]
[Result "1-0"]
[ECO "B22"]
[WhiteElo "2178"]
[BlackElo "1894"]
[Annotator "RC"]
[PlyCount "65"]
[EventDate "2024.03.04"]
[EventType "tourn"]
[EventCountry "CRO"]
[SourceTitle "playchess.com"]
[Source "ChessBase"]
[SourceQuality "1"]
[TimeControl "5400+30"]

1. e4 c5 2. c3 d5 3. exd5 Nf6 4. Bb5+ Nbd7 5. d4 cxd4 6. Qxd4 a6 7. Bxd7+ Qxd7 8. c4 e6 9. Nc3 Bb4 10. Nge2 O-O 11. O-O Bxc3 12. Nxc3 exd5 13. cxd5 Qf5 14. Bf4 b5 15. Rfe1 Qg6 16. Re3 Nh5 17. Rae1 Bf5 18. h3 Rac8 19. Bh2 Rc4 20. Qe5 f6 21. Qe7 Rcc8 22. Kh1 b4 23. Qxb4 a5 24. Qe7 Qh6 25. g4 Bxg4 26. hxg4 Nf4 27. Qe4 Nh3 28. Qg2 Nf4 29. Qf3 g5 30. d6 f5 31. gxf5 Qxd6 32. Bxf4 gxf4 33. Re6 1-0

[Event "24th Mediterranean Flower 2024"]
[Site "Rijeka"]
[Date "2024.03.04"]
[Round "1.3"]
[White "Berke, Ana"]
[Black "Ivekovic, Tihana"]
[Result "1/2-1/2"]
[ECO "C90"]
[WhiteElo "2066"]
[BlackElo "2081"]
[Annotator "RC"]
[PlyCount "135"]
[EventDate "2024.03.04"]
[EventType "tourn"]
[EventCountry "CRO"]
[SourceTitle "playchess.com"]
[Source "ChessBase"]
[SourceQuality "1"]
[TimeControl "5400+30"]

1. e4 e5 2. Nf3 Nc6 3. Bb5 a6 4. Ba4 Nf6 5. O-O Be7 6. Re1 b5 7. Bb3 O-O 8. d3 d6 9. c3 Na5 10. Bc2 c5 11. Nbd2 Re8 12. Nf1 h6 13. h3 Bf8 14. Ng3 Nc6 15. d4 cxd4 16. cxd4 exd4 17. Nxd4 Nxd4 18. Qxd4 Bd7 19. Bf4 Rc8 20. Bb3 Bc6 21. Rad1 Qc7 22. e5 dxe5 23. Rxe5 Qb7 24. Rxe8 Nxe8 25. Kh2 Be7 26. Qd3 Rd8 27. Qf5 Nf6 28. Re1 Bb4 29. Rc1 Qd7 30. Bxh6 Qxf5 31. Nxf5 Bd7 32. Bxg7 Ne8 33. Rd1 Ba5 34. Nh6+ Kxg7 35. Nxf7 Nf6 36. Nxd8 Bxd8 37. g4 Bc7+ 38. Kg1 Bf4 39. f3 Bc6 40. Kg2 Kg6 41. Be6 Kg5 42. Bf5 Nd5 43. Kf2 Ne3 44. h4+ Kxh4 45. Rd8 Nxf5 46. gxf5 Kg5 47. Rf8 Be5 48. Ke3 Bxb2 49. f4+ Kh6 50. Rg8 Kh7 51. Rg6 Bd5 52. Rxa6 Kg7 53. Kf2 Bc4 54. Kg3 Bf6 55. Ra7+ Kf8 56. Rb7 Bxa2 57. Rxb5 Bf7 58. Rb6 Bd4 59. Rb8+ Kg7 60. Kg4 Bf6 61. Rb6 Bc4 62. Rb7+ Bf7 63. Ra7 Kg8 64. Ra6 Kg7 65. Rd6 Bc4 66. Rd7+ Bf7 67. Rc7 Kg8 68. Ra7 1/2-1/2

[Event "24th Mediterranean Flower 2024"]
[Site "Rijeka"]
[Date "2024.03.04"]
[Round "1.4"]
[White "Mihaljevic, Eva"]
[Black "Radikovic, Anamarija"]
[Result "1-0"]
[ECO "B33"]
[WhiteElo "1946"]
[BlackElo "2039"]
[Annotator "RC"]
[PlyCount "107"]
[EventDate "2024.03.04"]
[EventType "tourn"]
[EventCountry "CRO"]
[SourceTitle "playchess.com"]
[Source "ChessBase"]
[SourceQuality "1"]
[TimeControl "5400+30"]

1. e4 c5 2. Nf3 Nc6 3. d4 cxd4 4. Nxd4 Nf6 5. Nc3 e5 6. Ndb5 d6 7. Bg5 a6 8. Na3 b5 9. Nd5 Be7 10. Bxf6 Bxf6 11. c4 b4 12. Nc2 a5 13. g3 Bg5 14. Bg2 O-O 15. O-O Ne7 16. Nce3 Bxe3 17. Nxe3 Be6 18. Qd3 Qb6 19. Rad1 Rad8 20. Kh1 Qc5 21. b3 Nc6 22. Nf5 Rd7 23. Qe3 Qxe3 24. fxe3 Rfd8 25. Rd2 g6 26. Rfd1 gxf5 27. exf5 Bxf5 28. Bxc6 Rc7 29. Bg2 a4 30. Rxd6 Rxd6 31. Rxd6 axb3 32. axb3 Ra7 33. Bd5 Bh3 34. Rd8+ Kg7 35. Ra8 Ra3 36. c5 Be6 37. Rd8 Bxd5+ 38. Rxd5 Rxb3 39. Rxe5 Kf6 40. Re4 Rb1+ 41. Kg2 b3 42. c6 b2 43. c7 Rg1+ 44. Kh3 b1=Q 45. Rf4+ Ke5 46. c8=Q Rc1 47. Qe8+ Kd6 48. Rd4+ Kc5 49. Qe5+ Kb6 50. Qd6+ Ka5 51. Qd8+ Kb5 52. Qd7+ Ka5 53. Qa4+ Kb6 54. Rb4+ 1-0

[Event "24th Mediterranean Flower 2024"]
[Site "Rijeka"]
[Date "2024.03.04"]
[Round "1.5"]
[White "Medic, Mirjana"]
[Black "Hamdouchi, Adina-Maria"]
[Result "1/2-1/2"]
[ECO "D76"]
[WhiteElo "2132"]
[BlackElo "2213"]
[Annotator "RC"]
[PlyCount "50"]
[EventDate "2024.03.04"]
[EventType "tourn"]
[EventCountry "CRO"]
[SourceTitle "playchess.com"]
[Source "ChessBase"]
[SourceQuality "1"]
[TimeControl "5400+30"]

1. d4 Nf6 2. Nf3 g6 3. c4 Bg7 4. g3 d5 5. cxd5 Nxd5 6. Bg2 O-O 7. O-O Nb6 8. Nc3 Nc6 9. e3 a5 10. Re1 e5 11. d5 e4 12. dxc6 Qxd1 13. Rxd1 exf3 14. Bxf3 bxc6 15. Bxc6 Rb8 16. Nd5 Nxd5 17. Bxd5 a4 18. Rb1 Rb6 19. b3 Bf5 20. e4 Bg4 21. Be3 Bxd1 22. Bxb6 Bc2 23. Rc1 axb3 24. axb3 Bxe4 25. Bxe4 cxb6 1/2-1/2

[Event "24th Mediterranean Flower 2024"]
[Site "Rijeka"]
[Date "2024.03.04"]
[Round "2.1"]
[White "Skuhala, Barbara"]
[Black "Hamdouchi, Adina-Maria"]
[Result "1/2-1/2"]
[ECO "B07"]
[WhiteElo "2188"]
[BlackElo "2213"]
[Annotator "RC"]
[PlyCount "33"]
[EventDate "2024.03.04"]
[EventType "tourn"]
[EventCountry "CRO"]
[SourceTitle "playchess.com"]
[Source "ChessBase"]
[SourceQuality "1"]
[TimeControl "5400+30"]

1. e4 d6 2. d4 Nf6 3. Nc3 g6 4. Be3 a6 5. Qd2 b5 6. Bd3 Bb7 7. f3 Nbd7 8. Nce2 c5 9. c3 cxd4 10. cxd4 Bg7 11. Nh3 O-O 12. Nf2 e5 13. d5 Nc5 14. Bc2 Rc8 15. g4 Na4 16. Bd3 Nc5 17. Bc2 1/2-1/2

[Event "24th Mediterranean Flower 2024"]
[Site "Rijeka"]
[Date "2024.03.04"]
[Round "2.2"]
[White "Radikovic, Anamarija"]
[Black "Medic, Mirjana"]
[Result "1/2-1/2"]
[ECO "E01"]
[WhiteElo "2039"]
[BlackElo "2132"]
[Annotator "RC"]
[PlyCount "30"]
[EventDate "2024.03.04"]
[EventType "tourn"]
[EventCountry "CRO"]
[SourceTitle "playchess.com"]
[Source "ChessBase"]
[SourceQuality "1"]
[TimeControl "5400+30"]

1. Nf3 d5 2. g3 Nf6 3. Bg2 c6 4. c4 e6 5. O-O Bd6 6. d4 Nbd7 7. b3 b6 8. Bb2 Bb7 9. Nc3 O-O 10. Qc2 Re8 11. Rfd1 Qe7 12. Rac1 Rac8 13. e4 Nxe4 14. Nxe4 dxe4 15. Qxe4 Nf6 1/2-1/2

[Event "24th Mediterranean Flower 2024"]
[Site "Rijeka"]
[Date "2024.03.04"]
[Round "2.3"]
[White "Ivekovic, Tihana"]
[Black "Mihaljevic, Eva"]
[Result "1-0"]
[ECO "B90"]
[WhiteElo "2081"]
[BlackElo "1946"]
[Annotator "RC"]
[PlyCount "39"]
[EventDate "2024.03.04"]
[EventType "tourn"]
[EventCountry "CRO"]
[SourceTitle "playchess.com"]
[Source "ChessBase"]
[SourceQuality "1"]
[TimeControl "5400+30"]

1. e4 c5 2. Nf3 d6 3. d4 cxd4 4. Nxd4 Nf6 5. Nc3 a6 6. h3 e5 7. Nf3 Be7 8. g4 h6 9. Rg1 Qc7 10. g5 hxg5 11. Nxg5 b5 12. a4 Bb7 13. axb5 axb5 14. Rxa8 Bxa8 15. Bxb5+ Nbd7 16. Qd3 O-O 17. Bc4 Nb6 18. Bb3 Nfd7 19. Qg3 Bf6 20. Qh4 1-0

[Event "24th Mediterranean Flower 2024"]
[Site "Rijeka"]
[Date "2024.03.04"]
[Round "2.4"]
[White "Zagorac, Lara"]
[Black "Berke, Ana"]
[Result "0-1"]
[ECO "D02"]
[WhiteElo "1894"]
[BlackElo "2066"]
[Annotator "RC"]
[PlyCount "98"]
[EventDate "2024.03.04"]
[EventType "tourn"]
[EventCountry "CRO"]
[SourceTitle "playchess.com"]
[Source "ChessBase"]
[SourceQuality "1"]
[TimeControl "5400+30"]

1. d4 d5 2. Nf3 Nf6 3. g3 c5 4. Bg2 cxd4 5. O-O Nc6 6. Nxd4 e5 7. Nxc6 bxc6 8. c4 Be6 9. Nc3 Be7 10. Bg5 e4 11. cxd5 cxd5 12. Be3 O-O 13. Nb5 Rb8 14. Nxa7 Qd7 15. a4 Rxb2 16. Bd4 Rb4 17. Nb5 Rc8 18. Rb1 Rbc4 19. Qb3 Bg4 20. Qa2 Ra8 21. a5 Bb4 22. Bxf6 gxf6 23. Rxb4 Rxb4 24. Nc3 Be6 25. Qd2 Rab8 26. Qf4 Kg7 27. e3 Rb2 28. f3 Bh3 29. Bxh3 Qxh3 30. Qg4+ Qxg4 31. fxg4 Rd2 32. a6 Rbb2 33. Ra1 Rg2+ 34. Kh1 Rxh2+ 35. Kg1 Rbg2+ 36. Kf1 Rh1+ 37. Kxg2 Rxa1 38. Nxd5 Rxa6 39. Nc3 Re6 40. Kh3 Re5 41. Kh4 Kf8 42. Ne2 Rd5 43. Nc3 Re5 44. Ne2 Ke7 45. Nf4 Ra5 46. Ng2 Ra2 47. Kh3 Kd6 48. Nf4 Ke5 49. Nh5 Re2 0-1

[Event "24th Mediterranean Flower 2024"]
[Site "Rijeka"]
[Date "2024.03.04"]
[Round "2.5"]
[White "Urh, Zala"]
[Black "Hnatyshyn, Anastasiia"]
[Result "1-0"]
[ECO "D02"]
[WhiteElo "2287"]
[BlackElo "2178"]
[Annotator "TA"]
[PlyCount "108"]
[EventDate "2024.03.04"]
[EventType "tourn"]
[EventCountry "CRO"]
[SourceTitle "playchess.com"]
[Source "ChessBase"]
[SourceQuality "1"]
[TimeControl "5400+30"]

1. d4 Nf6 2. Nf3 d5 3. Bf4 c5 4. e3 Nc6 5. Nbd2 Qb6 6. dxc5 Qxb2 7. Rb1 Qc3 8. Bb5 {[%emt 0:00:20] Die Stellung ist ausgeglichen.} Qxc5 9. c4 a6 (9... dxc4 {ist vielschichtiger.} 10. Nxc4 Bf5 11. Nce5 Bxb1 12. Qxb1 a6) 10. Bxc6+ bxc6 (10... Qxc6 $14 11. O-O Bg4 (11... dxc4 12. Ne5 $16)) 11. Qa4 (11. O-O $16) 11... Bd7 ({Vorzuziehen ist} 11... Bf5 $14 12. Rc1 Bd7) 12. Rb7 ({Besser ist} 12. O-O $16) 12... e6 (12... Bc8 $14 13. Rb2 (13. Rc7 dxc4 14. e4 e5 $11) 13... e6) 13. Ne5 {[%emt 0:17:28] Weiß hat aktiveres Spiel.} Qa3 14. Qxa3 (14. Qc2 $16 {0-0 ist eine echte Drohung.} Bb4 15. O-O) 14... Bxa3 $14 15. Ke2 Rd8 16. Rhb1 O-O 17. Rc7 a5 18. Nxd7 Rxd7 19. Rxc6 Bb4 20. c5 Re8 21. Be5 Ng4 (21... Rdd8 $14) 22. Nf3 $1 $16 Rdd8 (22... f6 $16) 23. Rc1 $2 ({Günstiger ist} 23. Bc7 $18 Rd7 24. Nd4) 23... Rc8 $11 24. Rxc8 Rxc8 25. c6 {[%emt 0:00:53] Droht Bg3 und aus.} Kf8 (25... Nxe5 $11 26. Nxe5 h5) 26. Bb2 $36 {[%emt 0:00:28][%mdl 2048] Weiss drückt.} Bd6 27. h3 Nf6 28. Nd4 Rb8 {[%emt 0:02:33] Wehrt Nb5 ab} 29. Rc2 ({Aber nicht} 29. c7 $2 Rxb2+ 30. Kd3 Bxc7 (30... Rxf2 $2 {verliert.} 31. c8=Q+ Ne8 32. Qd7 $18) 31. Rxc7 Ne4 $19 (31... Rxf2 $2 32. Rc2 $19) (31... Rxa2 32. Rc8+ Ke7 33. Rc7+ Nd7 34. Nc2 $15)) 29... Ne8 30. a4 $1 Bb4 {[%emt 0:01:40] Danach kann Schwarz die Partie nicht mehr halten.} (30... g5 $16 31. Nb5 Ke7) 31. Nb5 $18 f6 {[%emt 0:01:03] Gegen Be5 gerichtet.} (31... Ke7 {ist eine bessere Verteidigung.} 32. Be5 Ra8) 32. Bd4 {[%emt 0:00:31] Schwarz muss nun c7 beachten.} Ke7 33. c7 Rc8 {[%emt 0:00:05] [#]} 34. Bb6 $1 {[%emt 0:00:10] Und jetzt Na7 wäre schön.} Kd7 35. Na7 Rxc7 36. Bxc7 Nxc7 {[%emt 0:00:03][%mdl 4096] Endspiel. KRN-KBN} 37. Nc6 Na6 38. Nxb4 Nxb4 {[%emt 0:01:00] KR-KN} 39. Rc5 Nc6 40. Kd2 Kd6 (40... h5 $142 41. e4 Kd6) 41. Rb5 Kc7 42. Kc3 g6 (42... Na7 $142 43. Rb2 (43. Rxa5 Kb6 $18) 43... h5) 43. f4 h5 44. g4 hxg4 45. hxg4 f5 (45... Kd6 $142 46. Rb7 e5) 46. g5 Kc8 47. Rb1 Kc7 (47... Kd7 $142 48. Rb7+ Kd6) 48. Rh1 Kd6 49. Rh8 Kd7 50. Rh7+ Kd6 51. Rg7 Ne7 52. Kd3 Kd7 53. Kd4 Kd6 {[%emt 0:00:06] [#]} 54. Rxe7 $1 Kxe7 {[%emt 0:01:55] Gewichteter Fehlerwert: Weiß=0.15 (sehr präzise) /Schwarz=0.52.  Gewinn verpasst:   	Weiß=1     	---        Fehler:       	Weiß=3     	Schwarz=12    Ungenau:       	---       	Schwarz=4     OK:         	Weiß=21    	Schwarz=15    Bester:       	Weiß=3     	Schwarz=1     Stark:        	Weiß=3     	---} 1-0

[Event "24th Mediterranean Flower 2024"]
[Site "Rijeka"]
[Date "2024.03.04"]
[Round "3.1"]
[White "Hnatyshyn, Anastasiia"]
[Black "Skuhala, Barbara"]
[Result "0-1"]
[ECO "B90"]
[WhiteElo "2178"]
[BlackElo "2188"]
[Annotator "RC"]
[PlyCount "74"]
[EventDate "2024.03.04"]
[EventType "tourn"]
[EventCountry "CRO"]
[SourceTitle "playchess.com"]
[Source "ChessBase"]
[SourceQuality "1"]
[TimeControl "5400+30"]

1. e4 c5 2. Nf3 d6 3. d4 cxd4 4. Nxd4 Nf6 5. Nc3 a6 6. h3 e5 7. Nf3 Be7 8. g4 h6 9. Rg1 b5 10. g5 hxg5 11. Nxg5 Bb7 12. Be3 Qc7 13. a4 b4 14. Nd5 Nxd5 15. exd5 Nd7 16. b3 Nf6 17. Bc4 Qa5 18. Qd2 Bxd5 19. Bb6 Qxb6 20. Bxd5 Nxd5 21. Qxd5 O-O 22. O-O-O Rac8 23. Qe4 Bxg5+ 24. Rxg5 Qc6 25. Qf5 f6 26. Rg3 Rfe8 27. h4 d5 28. h5 e4 29. Rd2 e3 30. fxe3 Qc3 31. Rdg2 Qa1+ 32. Kd2 Qc3+ 33. Kd1 Re7 34. h6 g5 35. Rd2 d4 36. Qxf6 Qa1+ 37. Ke2 d3+ 0-1

[Event "24th Mediterranean Flower 2024"]
[Site "Rijeka"]
[Date "2024.03.04"]
[Round "3.2"]
[White "Berke, Ana"]
[Black "Urh, Zala"]
[Result "0-1"]
[ECO "A35"]
[WhiteElo "2066"]
[BlackElo "2287"]
[Annotator "TA"]
[PlyCount "60"]
[EventDate "2024.03.04"]
[EventType "tourn"]
[EventCountry "CRO"]
[SourceTitle "playchess.com"]
[Source "ChessBase"]
[SourceQuality "1"]
[TimeControl "5400+30"]

1. e4 c6 2. d4 d5 3. exd5 cxd5 4. c4 Nf6 5. Nc3 g6 6. cxd5 Nxd5 7. Qb3 e6 8. Nf3 Bg7 9. Bb5+ Nc6 10. Ne5 Bd7 11. Nxd7 Qxd7 12. Nxd5 {[%emt 0:01:01] The position is equal.} exd5 13. Qe3+ Qe6 14. O-O O-O 15. Qxe6 fxe6 16. Bxc6 bxc6 17. Be3 Rab8 18. Rac1 Rxb2 19. Rxc6 Rxa2 20. Rxe6 Ra8 21. h4 (21. Rb1 $11 {keeps the balance.}) 21... a5 $17 22. Rb1 a4 {[%emt 0:06:22] aiming for ...a3.} 23. Reb6 {[%emt 0:25:55] [#]} Rc2 $1 {[%emt 0:11:06] Black is more active.} 24. h5 gxh5 {[%emt 0:02:12] Hoping for ...a3.} 25. Kh2 $2 {[%emt 0:01:23] Loses the game.} (25. Rb8+ $17 Rc8 26. R8b5) 25... a3 $19 26. Rb8+ (26. Ra1 $142) 26... Rxb8 {[%emt 0:08:24] Black is clearly winning.} 27. Rxb8+ {[%emt 0:00:06] [#]} Kf7 $1 28. Ra8 a2 {[%emt 0:00:11] Threatens to win with ...Bf8.} 29. Ra6 Bf8 30. Ra4 {[%emt 0:10:15] [#]} Bb4 $1 {[%emt 0:01:06][%mdl 512] Weighted Error Value: White=0.66/Black=0.06 (flawless) .  Loses game:     	White=1     	---        Mistake:       	White=3     	---        Inaccurate:     	White=1     	Black=1      OK:         	White=8     	Black=7      Best:        	White=1     	Black=2      Strong:       	---       	Black=1} 0-1

[Event "24th Mediterranean Flower 2024"]
[Site "Rijeka"]
[Date "2024.03.04"]
[Round "3.3"]
[White "Mihaljevic, Eva"]
[Black "Zagorac, Lara"]
[Result "0-1"]
[ECO "B72"]
[WhiteElo "1946"]
[BlackElo "1894"]
[Annotator "RC"]
[PlyCount "114"]
[EventDate "2024.03.04"]
[EventType "tourn"]
[EventCountry "CRO"]
[SourceTitle "playchess.com"]
[Source "ChessBase"]
[SourceQuality "1"]
[TimeControl "5400+30"]

1. e4 c5 2. Nf3 d6 3. d4 cxd4 4. Nxd4 Nf6 5. Nc3 g6 6. Be2 Bg7 7. Be3 Nc6 8. Qd2 O-O 9. O-O-O Ng4 10. Bxg4 Bxg4 11. f3 Be6 12. Nxe6 fxe6 13. Bh6 Qb6 14. Bxg7 Kxg7 15. h4 Ne5 16. b3 Qa5 17. h5 Rfc8 18. Kb2 Qb4 19. Qd4 Qxd4 20. Rxd4 a6 21. Ne2 Rf8 22. Rdd1 Nc6 23. hxg6 hxg6 24. Rh4 Rh8 25. Rdh1 Rxh4 26. Rxh4 g5 27. Rg4 Kf6 28. Ng1 Ne5 29. Rg3 Rg8 30. Nh3 Nf7 31. Nf2 Ke5 32. Nh3 g4 33. fxg4 Kxe4 34. Nf2+ Kd5 35. c4+ Kc5 36. Kc3 Ng5 37. Re3 e5 38. Ne4+ Kc6 39. Kd3 Ne6 40. Rg3 Ng5 41. Nc3 e6 42. Ne4 d5 43. cxd5+ exd5 44. Nc3 d4 45. Ne4 Ne6 46. g5 Rg6 47. Ke2 Nc5 48. Nxc5 Kxc5 49. Kf3 Kd5 50. Kg4 Ke4 51. Kh5 Rg8 52. Rf3 d3 53. g6 d2 54. Rf1 Ke3 55. Kh6 Ke2 56. Ra1 d1=Q 57. Rxd1 Kxd1 0-1

[Event "24th Mediterranean Flower 2024"]
[Site "Rijeka"]
[Date "2024.03.04"]
[Round "3.4"]
[White "Medic, Mirjana"]
[Black "Ivekovic, Tihana"]
[Result "1/2-1/2"]
[ECO "E11"]
[WhiteElo "2132"]
[BlackElo "2081"]
[Annotator "RC"]
[PlyCount "75"]
[EventDate "2024.03.04"]
[EventType "tourn"]
[EventCountry "CRO"]
[SourceTitle "playchess.com"]
[Source "ChessBase"]
[SourceQuality "1"]
[TimeControl "5400+30"]

1. d4 Nf6 2. c4 e6 3. Nc3 Bb4 4. e3 O-O 5. Bd2 c5 6. Nf3 b6 7. dxc5 Bxc5 8. Be2 Bb7 9. O-O Be7 10. Rc1 d6 11. Nd4 Nbd7 12. Bf3 Bxf3 13. Qxf3 Ne5 14. Qe2 Rc8 15. b3 Qc7 16. f4 Nc6 17. Nxc6 Qxc6 18. e4 Qb7 19. f5 exf5 20. Rxf5 Rfe8 21. Qf3 Bf8 22. Re1 Re5 23. Bg5 Nd7 24. Nd5 Rce8 25. Rf1 Rxf5 26. exf5 Qc8 27. Be3 Ne5 28. Qg3 Kh8 29. Qh3 Be7 30. Qg3 Qd8 31. Rf4 Bg5 32. Re4 Bxe3+ 33. Qxe3 Qc8 34. f6 Qc5 35. Qxc5 bxc5 36. Nc7 Rd8 37. fxg7+ Kxg7 38. Nd5 1/2-1/2

[Event "24th Mediterranean Flower 2024"]
[Site "Rijeka"]
[Date "2024.03.04"]
[Round "3.5"]
[White "Hamdouchi, Adina-Maria"]
[Black "Radikovic, Anamarija"]
[Result "1/2-1/2"]
[ECO "E69"]
[WhiteElo "2213"]
[BlackElo "2039"]
[Annotator "RC"]
[PlyCount "60"]
[EventDate "2024.03.04"]
[EventType "tourn"]
[EventCountry "CRO"]
[SourceTitle "playchess.com"]
[Source "ChessBase"]
[SourceQuality "1"]
[TimeControl "5400+30"]

1. c4 Nf6 2. g3 g6 3. Bg2 Bg7 4. Nc3 O-O 5. Nf3 d6 6. d4 Nbd7 7. O-O e5 8. h3 h6 9. e4 c6 10. Be3 Re8 11. Qc2 Qe7 12. Rfe1 exd4 13. Bxd4 Nf8 14. Rad1 Ne6 15. Be3 Kh7 16. Qd2 Bf8 17. b3 Nd7 18. Nd5 Qd8 19. Nf4 Ng5 20. Nxg5+ hxg5 21. Nd3 Be7 22. c5 Nxc5 23. Nxc5 dxc5 24. Qc1 Qa5 25. Re2 g4 26. hxg4 Bxg4 27. f3 Be6 28. Bf1 Bf8 29. Rh2+ Kg8 30. Bc4 Rad8 1/2-1/2

[Event "24th Mediterranean Flower 2024"]
[Site "Rijeka"]
[Date "2024.03.05"]
[Round "4.1"]
[White "Skuhala, Barbara"]
[Black "Radikovic, Anamarija"]
[Result "1-0"]
[ECO "B90"]
[WhiteElo "2188"]
[BlackElo "2039"]
[Annotator "RC"]
[PlyCount "107"]
[EventDate "2024.03.04"]
[EventType "tourn"]
[EventCountry "CRO"]
[SourceTitle "playchess.com"]
[Source "ChessBase"]
[SourceQuality "1"]
[TimeControl "5400+30"]

1. e4 c5 2. Nf3 d6 3. Nc3 Nf6 4. d4 cxd4 5. Nxd4 a6 6. Be3 e5 7. Nb3 Be6 8. h3 Be7 9. g4 d5 10. exd5 Nxd5 11. Nxd5 Bxd5 12. Rg1 Nc6 13. Qd2 Rc8 14. c3 O-O 15. Rd1 Be6 16. Qxd8 Rcxd8 17. Bb6 Rxd1+ 18. Kxd1 f5 19. Be2 Bd8 20. Be3 f4 21. Bc5 Rf7 22. Bf3 Rd7+ 23. Kc2 Bc4 24. Be4 g6 25. Re1 Bc7 26. f3 Nd8 27. Bf2 b6 28. Nd2 Bf7 29. Bd3 b5 30. a4 bxa4 31. Bxa6 Ne6 32. Ne4 Rd8 33. Bb5 Nf8 34. Bxa4 Bc4 35. Bc6 Ne6 36. h4 Kf7 37. b3 Bd3+ 38. Kc1 Kg7 39. b4 Bd6 40. Nxd6 Rxd6 41. Ba4 e4 42. fxe4 f3 43. Bd1 Ra6 44. Kb2 Nf4 45. Bd4+ Kf8 46. Bxf3 Bc4 47. Ra1 Nd3+ 48. Kb1 Re6 49. Ra8+ Ke7 50. Ra7+ Kd8 51. Rxh7 Ne1 52. Bh1 Ra6 53. Ra7 Bd3+ 54. Kc1 1-0

[Event "24th Mediterranean Flower 2024"]
[Site "Rijeka"]
[Date "2024.03.05"]
[Round "4.2"]
[White "Ivekovic, Tihana"]
[Black "Hamdouchi, Adina-Maria"]
[Result "1/2-1/2"]
[ECO "A88"]
[WhiteElo "2081"]
[BlackElo "2213"]
[Annotator "RC"]
[PlyCount "48"]
[EventDate "2024.03.04"]
[EventType "tourn"]
[EventCountry "CRO"]
[SourceTitle "playchess.com"]
[Source "ChessBase"]
[SourceQuality "1"]
[TimeControl "5400+30"]

1. d4 d6 2. c4 f5 3. Nf3 Nf6 4. Nc3 g6 5. Qc2 Bg7 6. g3 O-O 7. Bg2 c6 8. O-O Qc7 9. d5 e5 10. dxe6 Bxe6 11. b3 a5 12. Bb2 Na6 13. Ng5 Bd7 14. Rad1 h6 15. Nf3 Nc5 16. Nh4 Be8 17. Ba3 Rd8 18. Bxc5 dxc5 19. Rxd8 Qxd8 20. e4 fxe4 21. Nxe4 Qe7 22. Qd3 Bf7 23. Qd6 Qxd6 24. Nxd6 Rb8 1/2-1/2

[Event "24th Mediterranean Flower 2024"]
[Site "Rijeka"]
[Date "2024.03.05"]
[Round "4.3"]
[White "Zagorac, Lara"]
[Black "Medic, Mirjana"]
[Result "1/2-1/2"]
[ECO "E19"]
[WhiteElo "1894"]
[BlackElo "2132"]
[Annotator "RC"]
[PlyCount "108"]
[EventDate "2024.03.04"]
[EventType "tourn"]
[EventCountry "CRO"]
[SourceTitle "playchess.com"]
[Source "ChessBase"]
[SourceQuality "1"]
[TimeControl "5400+30"]

1. Nf3 Nf6 2. g3 b6 3. Bg2 Bb7 4. O-O e6 5. d4 Be7 6. c4 O-O 7. Nc3 Ne4 8. Qc2 f5 9. b3 Nxc3 10. Qxc3 Bf6 11. Bb2 d6 12. Qd2 Nd7 13. Rac1 Qe7 14. Rfd1 Rad8 15. Ba3 Be4 16. h4 h6 17. b4 Rfe8 18. c5 dxc5 19. bxc5 c6 20. Qe3 b5 21. Ne5 Bxg2 22. Kxg2 Rc8 23. Bb2 Nb8 24. Qf3 Red8 25. Ba3 Rd5 26. Qc3 Qc7 27. Nf3 a5 28. Qc2 Rcd8 29. e3 Nd7 30. Bb2 Nf8 31. Ng1 a4 32. f4 Ra8 33. a3 Qf7 34. Bc3 Bd8 35. Nf3 Bc7 36. Bb4 Nh7 37. Ne1 Nf6 38. Nd3 Rdd8 39. Qe2 Qe8 40. Be1 Qd7 41. Nb4 Ba5 42. Nd3 Bc7 43. Nb4 Nd5 44. Qf3 Nxb4 45. Bxb4 Qd5 46. Rb1 Kf7 47. h5 Ba5 48. Qxd5 exd5 49. Bxa5 Rxa5 50. Kf3 Ra7 51. Rd3 Re7 52. g4 fxg4+ 53. Kxg4 Rde8 54. Kf3 Re6 1/2-1/2